[Event "Titled Tuesday Blitz October 18 Late 2022"]
[White "Carbone, Diego"]
[Black "Tomaszewski, Kacper"]
[WhiteFideId "3002179"]
[BlackFideId "1127373"]
[WhiteElo "2243"]
[BlackElo "2211"]
[Result "1-0"]
[Round "05"]
[TimeControl "180+1"]
[Date "2022.10.19"]
[WhiteClock "0:00:21"]
[BlackClock "0:00:12"]

1. d4 Nf6 2. c4 d6 3. g3 Bf5 4. Bg2 c6 5. Nc3 h6 6. e4 Bh7 7. Nge2 Nbd7 8. O-O e5 9. h3 Be7 10. Be3 O-O 11. Qd2 Re8 12. Rad1 Bf8 13. d5 Qc7 14. Rfe1 a5 15. b3 Reb8 16. Rc1 Nc5 17. f3 Nfd7 18. Red1 Nb6 19. g4 a4 20. Qb2 Ncd7 21. Ng3 axb3 22. axb3 Nc8 23. Bf1 Ne7 24. Kg2 Ng6 25. Nf5 Nf4+ 26. Kh2 g6 27. Ng3 c5 28. Nb5 Qd8 29. Ra1 b6 30. Rxa8 Rxa8 31. Ra1 f5 32. gxf5 gxf5 33. exf5 Nf6 34. Rxa8 Qxa8 35. Nc7 Qa5 36. Kg1 Bg7 37. Bd2 Qa7 38. Ne6 b5 39. Nxg7 Kxg7 40. Bxf4 exf4 41. Nh5+ Kg8 42. Nxf6+ Kh8 43. Nh5+ Kg8 44. Qf6 bxc4 45. bxc4 Qf7 46. Qd8+ Qf8 47. Nf6+ Kg7 48. Qxf8+ Kxf8 49. Nxh7+ Kg7 50. f6+ Kxh7 51. Bd3+ Kg8 52. Bg6 Kf8 53. f7 Kg7 54. Kf2 Kf8 55. Ke2 Ke7 56. Kd3 Kf8 57. Ke4 h5 58. Kxf4 h4 59. Kg5 Kg7 60. Kxh4 Kf8 61. Kg5 Kg7 62. h4 Kf8 63. h5 Kg7 64. h6+ Kf8 65. h7 Kg7 66. f4 Kf8 67. f5 Kg7 68. f6+ Kf8 69. h8=Q# 1-0


[Site "https://www.chess.com"]

[Event "Titled Tuesday Blitz October 18 Late 2022"]
[White "Castellanos Gomez, Alejandro"]
[Black "Rodriguez Santiago, Jaime"]
[WhiteFideId "22284141"]
[BlackFideId "3100898"]
[WhiteElo "2168"]
[BlackElo "2025"]
[Result "1-0"]
[Round "05"]
[TimeControl "180+1"]
[Date "2022.10.19"]
[WhiteClock "0:00:34"]
[BlackClock "0:01:01"]

1. d4 d5 2. Bf4 c5 3. e3 Qb6 4. Nc3 Nf6 5. Nb5 Na6 6. Nf3 Bd7 7. a4 c4 8. c3 Bxb5 9. axb5 Qxb5 10. b3 Qxb3 11. Qxb3 cxb3 12. Bb5+ Nd7 13. Ne5 Rd8 14. Nxd7 Rxd7 15. Ke2 e6 16. Rhb1 Kd8 17. Rxb3 Rc7 18. Bxa6 bxa6 19. Bxc7+ Kxc7 20. Rxa6 1-0


[Site "https://www.chess.com"]

[Event "Titled Tuesday Blitz October 18 Late 2022"]
[White "Celestino, Rafael Teixeira"]
[Black "Winterberg, Lukas"]
[WhiteFideId "2108925"]
[BlackFideId "24622702"]
[WhiteElo "2333"]
[BlackElo "2349"]
[Result "1-0"]
[Round "05"]
[TimeControl "180+1"]
[Date "2022.10.19"]
[WhiteClock "0:01:04"]
[BlackClock "0:00:01"]

1. e4 c5 2. Nf3 e6 3. d4 cxd4 4. Nxd4 Nc6 5. Nc3 Qc7 6. Ndb5 Qb8 7. Be3 a6 8. Nd4 Nf6 9. Bd3 Bd6 10. g3 h5 11. f4 Ng4 12. Bg1 Nxd4 13. Bxd4 Qc7 14. h3 e5 15. Nd5 Qd8 16. Bb6 Qxb6 17. Nxb6 Rb8 18. hxg4 Bc5 19. Nxc8 Rxc8 20. Rxh5 Rxh5 21. gxh5 d6 22. Qg4 1-0


[Site "https://www.chess.com"]

[Event "Titled Tuesday Blitz October 18 Late 2022"]
[White "Cosoi Scherzer, Alejandro"]
[Black "Rosenberg, Evan S"]
[WhiteFideId "3401430"]
[BlackFideId "2019299"]
[WhiteElo "1967"]
[BlackElo "2360"]
[Result "1/2-1/2"]
[Round "05"]
[TimeControl "180+1"]
[Date "2022.10.19"]
[WhiteClock "0:00:17"]
[BlackClock "0:00:10"]

1. e4 e5 2. Nf3 Nc6 3. Bb5 Bb4 4. O-O Nge7 5. c3 Ba5 6. b4 Bb6 7. a4 a6 8. Bc4 d6 9. a5 Ba7 10. h3 h6 11. d3 Ng6 12. Re1 O-O 13. Nbd2 Nf4 14. Nf1 Qf6 15. Ng3 Bxh3 16. gxh3 Nxh3+ 17. Kg2 Nxf2 18. Qe2 Ng4 19. Rf1 Ne7 20. Nh2 Nf2 21. Rxf2 Bxf2 22. Qxf2 Qxf2+ 23. Kxf2 c6 24. Bb3 d5 25. Be3 f5 26. Bc5 fxe4+ 27. Kg2 Rf7 28. dxe4 Rd8 29. Bxe7 Rxe7 30. Nf5 Rf7 31. Rd1 Kh7 32. Ng4 g6 33. Nfxh6 Rf4 34. Kg3 Rdf8 35. Rd3 Rf1 36. exd5 Rg1+ 37. Kh2 Rff1 38. d6 Rh1+ 39. Kg2 Rhg1+ 40. Kh2 Rh1+ 41. Kg2 Rhg1+ 42. Kh2 1/2-1/2


[Site "https://www.chess.com"]

[Event "Titled Tuesday Blitz October 18 Late 2022"]
[White "Curtis, John"]
[Black "Gonzalez, Francisco Silva"]
[WhiteFideId "3200256"]
[BlackFideId "1512285"]
[WhiteElo "2203"]
[BlackElo "2159"]
[Result "0-1"]
[Round "05"]
[TimeControl "180+1"]
[Date "2022.10.19"]
[WhiteClock "0:00:07"]
[BlackClock "0:00:16"]

1. e4 e5 2. Nf3 Nc6 3. Bb5 a6 4. Bxc6 dxc6 5. O-O Bd6 6. d4 exd4 7. Nxd4 Ne7 8. Be3 O-O 9. Nd2 f5 10. f3 Qe8 11. exf5 Nxf5 12. Nxf5 Bxf5 13. Bf2 Qg6 14. c3 Rad8 15. Qb3+ Kh8 16. Ne4 Bxe4 17. fxe4 b5 18. Rae1 Rxf2 19. Rxf2 Bc5 20. Qc2 Rf8 21. Re2 h6 22. Kf1 Bxf2 23. Rxf2 Re8 24. Re2 Qf6+ 25. Rf2 Qe5 26. Kg1 Qxe4 27. Rf8+ Kh7 28. Qxe4+ Rxe4 29. Rf7 Re2 30. b4 c5 31. Rxc7 cxb4 32. cxb4 Rxa2 33. Ra7 h5 34. h4 Kh6 35. Kh2 Ra3 36. g3 Kg6 37. Kh3 Kf6 38. Rb7 g6 39. Rb6+ Kf5 40. Rc6 Ra4 41. Rc5+ Kf6 42. Rc6+ Kg7 43. Rc7+ Kh6 44. Ra7 Rxb4 45. Rxa6 Rb1 46. Rb6 Kg7 47. Kg2 Rb3 48. Rb7+ Kf6 49. Rb8 b4 50. Rf8+ Ke7 51. Rf4 Ke6 52. Rc4 Kd5 53. Rc7 Rb2+ 54. Kf3 Ke5 55. Rc5+ Kf6 56. Rc6+ Kg7 57. Rc7+ Kh6 58. g4 Rb3+ 59. Kf4 hxg4 60. Kxg4 Rb1 61. Rc6 b3 62. Kh3 Kg7 63. Kg2 Kf7 64. Rc7+ Ke6 65. Rc5 Kd6 66. Rb5 b2 67. Rg5 Kc7 68. Rb5 Kc6 69. Rb3 Kc5 70. Rc3+ Kd4 71. Rc2 Kd3 72. Rf2 Kc3 73. Rf3+ Kc2 74. Rf2+ Kb3 75. Rf3+ Ka2 76. Rf8 Rc1 77. Ra8+ Kb3 78. Rb8+ Kc3 79. Rc8+ Kd4 80. Rd8+ Ke5 81. Kg3 b1=Q 82. Re8+ Kf6 83. Rf8+ Kg7 84. Rf2 Rg1+ 85. Kf4 Qc1+ 86. Kf3 Qd1+ 87. Kf4 Rg4+ 88. Ke5 Qd4+ 89. Ke6 Re4# 0-1


[Site "https://www.chess.com"]

[Event "Titled Tuesday Blitz October 18 Late 2022"]
[White "Decuigniere, Tom"]
[Black "Sanchez, Robert"]
[WhiteFideId "26093820"]
[BlackFideId "2034360"]
[WhiteElo "2223"]
[BlackElo "2376"]
[Result "1-0"]
[Round "05"]
[TimeControl "180+1"]
[Date "2022.10.19"]
[WhiteClock "0:01:04"]
[BlackClock "0:00:07"]

1. c4 e6 2. g3 d5 3. Bg2 Nf6 4. Nf3 Be7 5. O-O O-O 6. b3 c6 7. Bb2 Nbd7 8. d3 Re8 9. Nbd2 h6 10. e4 dxe4 11. dxe4 Nc5 12. e5 Nh7 13. Qe2 Qd3 14. Qxd3 Nxd3 15. Bc3 Nb4 16. Ne4 a5 17. Nd6 Rf8 18. a3 Nd3 19. Rad1 Nc5 20. b4 axb4 21. axb4 Na4 22. Ra1 Rd8 23. c5 Ra6 24. Bd4 f6 25. Rfe1 f5 26. Re3 Bd7 27. Rea3 Rda8 28. Nc4 Bd8 29. Nfd2 Ng5 30. h4 Nf7 31. Nb3 g5 32. Nba5 Bxa5 33. Nxa5 Rxa5 34. bxa5 Rxa5 1-0


[Site "https://www.chess.com"]

[Event "Titled Tuesday Blitz October 18 Late 2022"]
[White "Dilanyan, Grigor"]
[Black "Bernat, David"]
[WhiteFideId "13303570"]
[BlackFideId "2099225"]
[WhiteElo "2623"]
[BlackElo "2317"]
[Result "1/2-1/2"]
[Round "05"]
[TimeControl "180+1"]
[Date "2022.10.19"]
[WhiteClock "0:00:03"]
[BlackClock "0:00:03"]

1. Nf3 c5 2. g3 g6 3. Bg2 Bg7 4. O-O Nc6 5. c3 d5 6. d4 cxd4 7. cxd4 Nf6 8. Nc3 O-O 9. Ne5 h6 10. Nxc6 bxc6 11. Bf4 Nd7 12. Rc1 e5 13. dxe5 Nxe5 14. Na4 Nc4 15. b3 Nb6 16. Nc5 Nd7 17. Nd3 Bb7 18. Qd2 Kh7 19. Rc2 Rc8 20. Rfc1 Re8 21. h4 Qe7 22. Bf3 c5 23. Qa5 g5 24. hxg5 hxg5 25. Be3 d4 26. Bxb7 dxe3 27. Bxc8 exf2+ 28. Kxf2 Bd4+ 29. Kf1 Qe4 30. Nf2 Qe3 31. Nh3 Qxg3 32. e3 Qxh3+ 33. Rg2 Qf3+ 34. Kg1 Bxe3+ 35. Kh2 Bf4+ 36. Kg1 Be3+ 37. Kh2 Bf4+ 38. Kg1 Be3+ 1/2-1/2


[Site "https://www.chess.com"]

[Event "Titled Tuesday Blitz October 18 Late 2022"]
[White "Drost, Peter"]
[Black "Almedina Ortiz, Edgardo J."]
[WhiteFideId "1017896"]
[BlackFideId "3100197"]
[WhiteElo "2402"]
[BlackElo "2217"]
[Result "1/2-1/2"]
[Round "05"]
[TimeControl "180+1"]
[Date "2022.10.19"]
[WhiteClock "0:00:10"]
[BlackClock "0:00:04"]

1. e4 e5 2. Nf3 Nc6 3. Bb5 a6 4. Bxc6 dxc6 5. O-O f6 6. d4 exd4 7. Nxd4 c5 8. Nb3 Qxd1 9. Rxd1 Be6 10. Nc3 Bd6 11. Be3 b6 12. Rd2 O-O-O 13. Rad1 Ne7 14. Nc1 Ng6 15. f3 Ne5 16. b3 Rhe8 17. h3 Kb7 18. f4 Nc6 19. N1e2 Bf7 20. Kf2 Bg6 21. Kf3 Bf7 22. g4 h5 23. Ng3 hxg4+ 24. hxg4 g6 25. Nd5 Re6 26. c4 Rh8 27. Rh1 Rxh1 28. Nxh1 g5 29. fxg5 fxg5 30. Bxg5 Ne5+ 31. Kg2 Rg6 32. Bf4 Rxg4+ 33. Kf1 Bxd5 34. Bxe5 Bxe4 35. Bxd6 Bxh1 36. Bh2 Be4 37. Ke2 Rg2+ 38. Ke3 Rxd2 39. Kxd2 Bb1 40. Kc3 a5 41. Kb2 Be4 42. a4 c6 43. Kc3 Bf5 44. Bg1 Bd7 45. Bh2 b5 46. Bg1 Kb6 47. Bf2 Be6 48. Be3 Bg4 49. cxb5 cxb5 50. axb5 Kxb5 51. Bf2 Be6 52. Be3 Bf5 53. Bf2 Be6 54. Be3 Bxb3 55. Bxc5 Kxc5 56. Kxb3 Kb5 57. Ka3 a4 58. Ka2 a3 59. Ka1 a2 60. Kxa2 1/2-1/2


[Site "https://www.chess.com"]

[Event "Titled Tuesday Blitz October 18 Late 2022"]
[White "Dzierzak, Radoslaw"]
[Black "Zakaryan, David"]
[WhiteFideId "1161407"]
[BlackFideId "24101923"]
[WhiteElo "2111"]
[BlackElo "2409"]
[Result "0-1"]
[Round "05"]
[TimeControl "180+1"]
[Date "2022.10.19"]
[WhiteClock "0:00:03"]
[BlackClock "0:01:18"]

1. e4 c6 2. Nf3 d5 3. Nc3 Bg4 4. d4 e6 5. h3 Bh5 6. Bd3 Nf6 7. O-O Be7 8. Bf4 O-O 9. Re1 Na6 10. exd5 cxd5 11. g4 Bg6 12. Ne5 Nb4 13. Bxg6 hxg6 14. Ne2 Rc8 15. c3 Nc6 16. Ng3 b5 17. g5 Nd7 18. Nxd7 Qxd7 19. h4 Bd6 20. Bxd6 Qxd6 21. Qg4 b4 22. h5 e5 23. Kg2 bxc3 24. bxc3 exd4 25. cxd4 Rce8 26. Rh1 Re6 27. Qh4 Rfe8 28. h6 Qf8 29. Rh2 gxh6 30. gxh6 Kh7 31. Rah1 Qh8 32. Rh3 Qxd4 33. Qxd4 Nxd4 34. Rd1 Ne2 35. Rxd5 Nf4+ 36. Kh2 Nxd5 0-1


[Site "https://www.chess.com"]

[Event "Titled Tuesday Blitz October 18 Late 2022"]
[White "Eisa Mohmood, Alkhoori"]
[Black "Iliaguev, Nisim"]
[WhiteFideId "9316116"]
[BlackFideId "2817276"]
[WhiteElo "1245"]
[BlackElo "2264"]
[Result "0-1"]
[Round "05"]
[TimeControl "180+1"]
[Date "2022.10.18"]
[WhiteClock "0:00:09"]
[BlackClock "0:00:29"]

1. e4 c6 2. d4 d5 3. e5 Bf5 4. Nd2 h5 5. Nb3 e6 6. Nf3 Ne7 7. Be2 h4 8. h3 a5 9. a4 Ng6 10. O-O Nd7 11. c3 Be7 12. Re1 O-O 13. c4 Nb6 14. c5 Nd7 15. Be3 b6 16. cxb6 Qxb6 17. Bd3 Bxd3 18. Qxd3 Rfb8 19. Nfd2 Qb4 20. Rec1 c5 21. Nxc5 Nxc5 22. dxc5 Nxe5 23. Qd4 Qxd4 24. Bxd4 Nc6 25. Be3 Rxb2 26. Nf3 Bf6 27. Rab1 Rab8 28. Rxb2 Rxb2 29. Rd1 Rb4 30. Bd2 Rxa4 31. Rb1 Ra1 32. Rxa1 Bxa1 33. Kf1 a4 34. Bc1 e5 35. Ke1 e4 36. Nxh4 g6 37. g3 Bd4 38. Ba3 Bc3+ 39. Kd1 d4 40. Ng2 f5 41. Nf4 Kf7 42. h4 Bb4 43. Bb2 a3 44. Ba1 a2 45. Kc2 Bc3 0-1


[Site "https://www.chess.com"]

[Event "Titled Tuesday Blitz October 18 Late 2022"]
[White "Erdogdu, Mert"]
[Black "Ventura Bolet, Maxim"]
[WhiteFideId "6301495"]
[BlackFideId "22238824"]
[WhiteElo "2413"]
[BlackElo "2186"]
[Result "1-0"]
[Round "05"]
[TimeControl "180+1"]
[Date "2022.10.18"]
[WhiteClock "0:00:21"]
[BlackClock "0:00:04"]

1. e4 c5 2. Nf3 a6 3. c3 g6 4. d4 cxd4 5. cxd4 d5 6. exd5 Nf6 7. Nc3 Bg7 8. Bc4 O-O 9. O-O b5 10. Bb3 Bb7 11. Bg5 Nbd7 12. Ne5 Nb6 13. Nc6 Qd7 14. Re1 Rfe8 15. Ne5 Qd6 16. Bxf6 exf6 17. Ne4 Qd8 18. Nc6 Qd7 19. Nc5 Qc7 20. Qf3 Nc4 21. Bxc4 bxc4 22. Nxb7 Qxb7 23. d6 Qd7 24. Ne7+ Kh8 25. Qd5 Rad8 26. Qxf7 Qxd6 27. Nxg6+ hxg6 28. Rxe8+ Rxe8 29. Qxe8+ Kh7 30. Rd1 f5 31. Qe3 Qb4 32. Qe2 Qa4 33. a3 c3 34. bxc3 Qxa3 35. Qd3 Qd6 36. c4 a5 37. c5 Qd5 38. Qf3 Qc4 39. Qd3 Qd5 40. g3 a4 41. h4 a3 42. Qxa3 Bxd4 43. Qd3 Bxf2+ 44. Kxf2 Qxc5+ 45. Qd4 Qc2+ 46. Rd2 Qb3 47. Qd7+ Kh6 48. Qd8 Qb6+ 49. Qxb6 Kh5 50. Qf6 f4 51. Qg5# 1-0


[Site "https://www.chess.com"]

[Event "Titled Tuesday Blitz October 18 Late 2022"]
[White "Erece, Ece Alkim"]
[Black "Can, Melih Kaan"]
[WhiteFideId "6346006"]
[BlackFideId "6317383"]
[WhiteElo "1667"]
[BlackElo "2029"]
[Result "0-1"]
[Round "05"]
[TimeControl "180+1"]
[Date "2022.10.19"]
[WhiteClock "0:00:01"]
[BlackClock "0:00:05"]

1. e4 c5 2. Nf3 Nc6 3. d4 cxd4 4. Nxd4 e5 5. Nb5 d6 6. N1c3 a6 7. Na3 b5 8. Nd5 Nce7 9. c4 Nxd5 10. cxd5 f5 11. f3 fxe4 12. fxe4 Qh4+ 13. Kd2 Qxe4 14. Qf3 Qxf3 15. gxf3 Nf6 16. Bd3 Be7 17. Nc2 Bb7 18. Ne3 O-O 19. Be4 Nxe4+ 20. fxe4 Bg5 21. Kd3 a5 22. Nf5 Rxf5 23. exf5 Bf6 24. Ke4 Rc8 25. b3 Rc5 26. Rd1 Rc3 27. Be3 Rc2 28. Rd2 Rc3 29. Rd3 Rxd3 30. Kxd3 Bxd5 31. Rc1 a4 32. bxa4 bxa4 33. a3 h5 34. Rc7 Bb3 35. Rd7 d5 36. Bc5 Bc4+ 37. Kd2 e4 38. Ke3 Bg5+ 39. Kd4 e3 40. Bb4 e2 41. Rc7 Bf4 42. Re7 Bxh2 43. Kc5 Bg3 44. Kd4 h4 0-1


[Site "https://www.chess.com"]

[Event "Titled Tuesday Blitz October 18 Late 2022"]
[White "Ezat, Mohamed"]
[Black "Wiegmann, Sascha"]
[WhiteFideId "10600906"]
[BlackFideId "4682041"]
[WhiteElo "2386"]
[BlackElo "2292"]
[Result "0-1"]
[Round "05"]
[TimeControl "180+1"]
[Date "2022.10.19"]
[WhiteClock "0:00:05"]
[BlackClock "0:00:06"]

1. d4 Nf6 2. c4 c5 3. d5 b5 4. a4 bxc4 5. Nc3 d6 6. e4 g6 7. Be2 Bg7 8. Nf3 O-O 9. Nd2 Na6 10. O-O Nb4 11. Bxc4 Rb8 12. a5 Ng4 13. h3 Ne5 14. Be2 Ba6 15. Bxa6 Nxa6 16. Qe2 Nb4 17. Nc4 Nxc4 18. Qxc4 Nc2 19. Ra4 Rb4 20. Rxb4 cxb4 21. Nb5 Qxa5 22. Bg5 f6 23. Bf4 a6 24. Qxc2 Qxb5 25. Rc1 Qb6 26. b3 Qb7 27. Qc4 Rb8 28. Be3 Kf7 29. h4 Qb5 30. Qc7 Rb7 31. Qc8 Rb8 32. Qe6+ Kf8 33. h5 gxh5 34. Rc7 Qe8 35. Bf4 Qf7 36. Qf5 Qg6 37. Qd7 Qe8 38. Qh3 Qg6 39. Bxd6 exd6 40. Qe6 Re8 41. Qd7 Kg8 42. f3 Kh8 43. Rc8 Rf8 44. Qe6 h6 45. Rc7 Kh7 46. Qxd6 Re8 47. Qd7 h4 48. Rc6 Re5 49. Qh3 Rg5 50. Rc7 Rg3 51. Qh2 h3 52. Kf2 Rxg2+ 53. Qxg2 hxg2 54. Ke3 Qg3 55. Kd3 g1=Q 56. Rxg7+ Qxg7 57. Kc4 Qc7+ 58. Kxb4 Qgc5+ 59. Ka4 Q7a5# 0-1


[Site "https://www.chess.com"]

[Event "Titled Tuesday Blitz October 18 Late 2022"]
[White "Fernandez De La Vara, Arnaldo"]
[Black "Madaminov, Mukhiddin"]
[WhiteFideId "3518388"]
[BlackFideId "14210703"]
[WhiteElo "2387"]
[BlackElo "2341"]
[Result "0-1"]
[Round "05"]
[TimeControl "180+1"]
[Date "2022.10.18"]
[WhiteClock "0:00:01"]
[BlackClock "0:00:46"]

1. Nf3 Nf6 2. b3 g6 3. Bb2 Bg7 4. g3 O-O 5. Bg2 d6 6. d4 a5 7. a4 Nbd7 8. O-O e5 9. dxe5 Ng4 10. Nbd2 Ngxe5 11. Qc1 Re8 12. Re1 Rb8 13. Nxe5 Nxe5 14. f4 Nd7 15. Bxg7 Kxg7 16. e4 Nc5 17. Nc4 b6 18. Qb2+ Kg8 19. Rad1 Bg4 20. Rd2 Be6 21. Ne3 f6 22. e5 fxe5 23. fxe5 Qg5 24. exd6 Rbd8 25. Rde2 Rxd6 26. Nc4 Rdd8 27. Ne5 Qf6 28. Qc1 Rf8 29. h4 Qg7 30. Qg5 Rd6 31. Nc6 h6 32. Qc1 Kh7 33. Re5 Rf5 34. R5e2 Rf7 35. Ne5 Rf6 36. Qe3 Bd5 37. Bxd5 Rxd5 38. Ng4 Re6 39. Qf2 Rf5 40. Rxe6 Rxf2 41. Re7 Rf7 42. Rxf7 Qxf7 0-1


[Site "https://www.chess.com"]

[Event "Titled Tuesday Blitz October 18 Late 2022"]
[White "Firouzja, Alireza"]
[Black "Galaktionov, Artem"]
[WhiteFideId "12573981"]
[BlackFideId "24175471"]
[WhiteElo "2903"]
[BlackElo "2278"]
[Result "1-0"]
[Round "05"]
[TimeControl "180+1"]
[Date "2022.10.18"]
[WhiteClock "0:00:05"]
[BlackClock "0:00:14"]

1. d4 c6 2. c4 d6 3. Nf3 Nd7 4. Nc3 g6 5. e4 Bg7 6. Be2 e5 7. O-O Ngf6 8. Be3 O-O 9. d5 c5 10. Ne1 Ne8 11. f3 f5 12. Nd3 f4 13. Bf2 b6 14. b4 g5 15. a4 a5 16. bxa5 bxa5 17. Rb1 Rf6 18. Kh1 Bf8 19. Rg1 Rg6 20. g3 Nc7 21. Bf1 Nf6 22. gxf4 gxf4 23. Bh4 Na6 24. Nb5 Nb4 25. Rb2 Kf7 26. Rbg2 Be7 27. Nf2 Bd7 28. Bxf6 Kxf6 29. Rxg6+ hxg6 30. Bh3 Bxh3 31. Nxh3 Qd7 32. Qf1 Kf7 33. Qg2 Rg8 34. Nf2 Nc2 35. Ng4 Ne3 36. Nxe3 fxe3 37. Qe2 Qh3 38. Qxe3 Rh8 39. Rg2 g5 40. Qf2 Qh4 41. Qxh4 Rxh4 42. Rg3 Ke8 43. Kg2 Kd7 44. Rh3 Rf4 45. Rg3 Rh4 46. Nc3 Rh8 47. Rh3 Rb8 48. Nb5 Rf8 49. Rh7 Rf4 50. Rg7 Rh4 51. h3 Rh8 52. Kg3 Rf8 53. Nc3 Rb8 54. Nb5 Ra8 55. Kg2 Rf8 56. Rh7 Ra8 57. Kg3 Rf8 58. Nc3 Rb8 59. Nd1 Rb4 60. Ne3 Ke8 61. Kg4 Rxa4 62. Kf5 Ra3 63. Ke6 Rxe3 64. Rxe7+ Kf8 65. Kxd6 a4 66. Ra7 a3 67. Kxe5 Rxf3 68. d6 Rd3 69. Ke6 Kg8 70. d7 Kf8 71. Ra8+ Kg7 72. d8=Q 1-0


[Site "https://www.chess.com"]

[Event "Titled Tuesday Blitz October 18 Late 2022"]
[White "Floresvillar Gonzalez, Luis Migu"]
[Black "D`Arruda, Ricardo D."]
[WhiteFideId "5100542"]
[BlackFideId "100692"]
[WhiteElo "2040"]
[BlackElo "2391"]
[Result "0-1"]
[Round "05"]
[TimeControl "180+1"]
[Date "2022.10.19"]
[WhiteClock "0:00:38"]
[BlackClock "0:01:31"]

1. d4 Nf6 2. c3 d5 3. Nf3 h6 4. Bf4 c6 5. Nbd2 Bf5 6. Qb3 Qb6 7. e3 Nbd7 8. Be2 e6 9. O-O Be7 10. Ne5 O-O 11. Nxd7 Nxd7 12. f3 Bg6 13. e4 e5 14. Qxb6 axb6 15. Bxe5 Nxe5 16. dxe5 Rad8 17. Rad1 Rfe8 18. exd5 Rxd5 19. f4 Bc2 20. Bc4 Rdd8 21. e6 f5 22. Bb3 Bxd1 23. Rxd1 Kf8 24. Nf3 Rxd1+ 25. Bxd1 Bd6 26. g3 Rxe6 27. Nd4 Rf6 28. Bc2 Bc5 29. Kg2 Bxd4 30. cxd4 g6 31. Kf3 Kg7 32. Ke3 Re6+ 33. Kd3 Re1 34. h3 Rg1 35. g4 fxg4 36. hxg4 Rxg4 37. Ke4 g5 38. Ke5 Rxf4 39. Bf5 Rf2 40. Bc8 Rf7 41. Ke6 h5 0-1


[Site "https://www.chess.com"]

[Event "Titled Tuesday Blitz October 18 Late 2022"]
[White "Forgacs, Attila Jr."]
[Black "Rose, Felix"]
[WhiteFideId "773654"]
[BlackFideId "5105722"]
[WhiteElo "2168"]
[BlackElo "2039"]
[Result "1-0"]
[Round "05"]
[TimeControl "180+1"]
[Date "2022.10.19"]
[WhiteClock "0:01:49"]
[BlackClock "0:00:10"]

1. e4 c5 2. d3 Nc6 3. g3 g6 4. Bg2 Bg7 5. f4 e6 6. Nf3 Nge7 7. O-O O-O 8. c3 b6 9. a4 Bb7 10. Be3 d5 11. e5 d4 12. cxd4 cxd4 13. Bf2 Qd7 14. Na3 Rfd8 15. Nc4 Ba6 16. Nd6 Nf5 17. Ne4 Rac8 18. g4 Ne3 19. Qd2 Nxf1 20. Rxf1 Qe7 21. Nd6 Rxd6 22. exd6 Qxd6 23. Bg3 Qb4 24. Qe2 Qb3 25. Rd1 Nb4 26. Ne1 Qxa4 27. f5 exf5 28. gxf5 Re8 29. Qg4 h6 30. fxg6 fxg6 31. Qxg6 Qxd1 32. Qxe8+ Bf8 33. Qe6+ Kh8 34. Be5+ Bg7 35. Qe8+ 1-0


[Site "https://www.chess.com"]

[Event "Titled Tuesday Blitz October 18 Late 2022"]
[White "Gabrielian, Artur"]
[Black "Hamitevici, Vladimir"]
[WhiteFideId "4131002"]
[BlackFideId "13902393"]
[WhiteElo "2786"]
[BlackElo "2556"]
[Result "1-0"]
[Round "05"]
[TimeControl "180+1"]
[Date "2022.10.19"]
[WhiteClock "0:00:13"]
[BlackClock "0:00:04"]

1. e4 e5 2. Nf3 Nc6 3. Bc4 Bc5 4. d3 Nf6 5. Bg5 h6 6. Bh4 Be7 7. Bg3 d6 8. a4 O-O 9. h3 Re8 10. c3 Bf8 11. O-O Be6 12. Nbd2 Qd7 13. Re1 Rad8 14. a5 a6 15. Nf1 d5 16. exd5 Bxd5 17. Ne3 Bxc4 18. Nxc4 e4 19. Nfe5 Nxe5 20. Nxe5 Qb5 21. d4 c5 22. Qa4 cxd4 23. cxd4 Qxb2 24. Rab1 Qxd4 25. Qxd4 Rxd4 26. Rxb7 Bd6 27. Nc6 Rd5 28. Bxd6 Rxd6 29. Rb6 Ree6 30. Rc1 Kh7 31. Rxa6 Nd5 32. Rd1 f5 33. Ra8 e3 34. fxe3 Nxe3 35. Rxd6 Rxd6 36. Rc8 Rd2 37. a6 Rxg2+ 38. Kh1 Rg3 39. a7 f4 40. a8=Q Rxh3+ 41. Kg1 Rg3+ 42. Kf2 Ng4+ 43. Ke1 Rg1+ 44. Kd2 Rg2+ 45. Kc3 Rg3+ 46. Kb4 1-0


[Site "https://www.chess.com"]

[Event "Titled Tuesday Blitz October 18 Late 2022"]
[White "Girel, Joseph"]
[Black "Al Hosani, Omran"]
[WhiteFideId "36033561"]
[BlackFideId "9308733"]
[WhiteElo "2281"]
[BlackElo "2167"]
[Result "0-1"]
[Round "05"]
[TimeControl "180+1"]
[Date "2022.10.18"]
[WhiteClock "0:00:11"]
[BlackClock "0:00:08"]

1. e4 e5 2. Nf3 Nc6 3. Bb5 a6 4. Ba4 Nf6 5. Nc3 Be7 6. Bxc6 dxc6 7. a3 Bg4 8. h3 Bh5 9. d3 Nd7 10. Qe2 O-O 11. Be3 Re8 12. g4 Bg6 13. h4 h5 14. g5 Bd6 15. O-O-O Qe7 16. Rhe1 Rad8 17. d4 Bxa3 18. bxa3 Qxa3+ 19. Kd2 Nc5 20. Qc4 b5 21. Ra1 Qxa1 22. Qxc5 Qa5 23. Nxe5 Bxe4 24. Nc4 Re5 25. Nxa5 Rxc5 26. Nxe4 Rf5 27. Nxc6 Re8 28. Kd3 Rf3 29. Ra1 Rh3 30. Rxa6 Rxh4 31. Ne5 Rh1 32. Ra7 h4 33. Ke2 h3 34. Kf3 Rg1 35. Ng4 Rxe4 36. Ra8+ Kh7 37. g6+ fxg6 38. Nh2 Re7 39. Bf4 Rf7 40. Ke3 Re1+ 41. Kf3 g5 42. Kg3 Rxf4 43. Kxh3 Rg1 44. Ng4 Rfxg4 45. Ra3 Rh4# 0-1


[Site "https://www.chess.com"]

[Event "Titled Tuesday Blitz October 18 Late 2022"]
[White "Girsh, Daniel"]
[Black "Luxama, Jacques Muller"]
[WhiteFideId "30949190"]
[BlackFideId "11900113"]
[WhiteElo "2075"]
[BlackElo "1931"]
[Result "1-0"]
[Round "05"]
[TimeControl "180+1"]
[Date "2022.10.19"]
[WhiteClock "0:00:14"]
[BlackClock "0:00:01"]

1. d4 Nf6 2. Nc3 d5 3. Bf4 e6 4. Nb5 Na6 5. e3 Be7 6. Nf3 O-O 7. Ne5 c6 8. Nc3 Nc7 9. Bd3 c5 10. O-O c4 11. Be2 b5 12. a3 Bb7 13. b3 a5 14. bxc4 bxc4 15. Rb1 Rb8 16. Nb5 Nxb5 17. Rxb5 Bd6 18. Qb1 Qc7 19. Qa2 Ne4 20. Qa1 Ba6 21. Rxb8 Rxb8 22. f3 Nf6 23. Rb1 Nh5 24. Rxb8+ Qxb8 25. Nc6 Qc7 26. Bxd6 Qxd6 27. Nxa5 Qb6 28. Qc3 Qb1+ 29. Kf2 g6 30. Qb4 Qh1 31. Qb8+ Kg7 32. Nc6 Bb5 33. Qxb5 Qxh2 34. Qb8 Qh4+ 35. Kg1 Ng3 36. Qe5+ f6 37. Qc7+ Kf8 38. Qd6+ Kg7 39. Qe7+ Kh6 40. Qf8+ Kh5 41. Bd1 Qh1+ 42. Kf2 Qh2 43. f4+ 1-0


[Site "https://www.chess.com"]

[Event "Titled Tuesday Blitz October 18 Late 2022"]
[White "Goltsev, Dmitry"]
[Black "Eljanov, Pavel"]
[WhiteFideId "24176710"]
[BlackFideId "14102951"]
[WhiteElo "2257"]
[BlackElo "2601"]
[Result "1/2-1/2"]
[Round "05"]
[TimeControl "180+1"]
[Date "2022.10.18"]
[WhiteClock "0:00:04"]
[BlackClock "0:00:01"]

1. e4 e5 2. Nf3 Nc6 3. Bb5 Bc5 4. O-O d6 5. c3 a6 6. Ba4 Ba7 7. d4 Bd7 8. dxe5 dxe5 9. Bg5 f6 10. Be3 Bxe3 11. fxe3 Nh6 12. Bb3 Qe7 13. Nbd2 O-O-O 14. Bd5 Qc5 15. Qe2 Ng4 16. Rfe1 Ne7 17. Nb3 Qb6 18. c4 Nxd5 19. cxd5 Kb8 20. h3 Nh6 21. Rac1 c6 22. Nc5 cxd5 23. exd5 Bb5 24. Qd2 Nf5 25. e4 Nd6 26. Kh2 a5 27. Qe3 Ka7 28. b3 Rc8 29. Rc3 Rc7 30. a4 Rhc8 31. Rec1 Ba6 32. Nd2 Nc4 33. Nxc4 Qxc5 34. Qf3 Qb4 35. Qf5 Bxc4 36. bxc4 Rxc4 37. Qxc8 Rxc8 38. Rxc8 Qxe4 39. Rd1 Qxa4 40. Rcc1 e4 41. d6 Qd7 42. Rd4 e3 43. Rc7 Qf5 44. Re7 Qc5 45. Rd1 Qc2 46. Rd4 e2 47. d7 Qc7+ 48. Kh1 Qc1+ 49. Kh2 Qc7+ 50. Kg1 Qc1+ 51. Kh2 Qc7+ 1/2-1/2


[Site "https://www.chess.com"]